Map: Overgrowth LE (Void)

Players

iAsonu - Winner!

  • Race: Zerg Zerg
  • Spawn Location: 7:00

Neeb

  • Race: Protoss Protoss
  • Spawn Location: 1:00

Event: WESG 2016 Finals

VOD

Have the link to the VOD?

Description

Time

  • Played on: Jan. 13, 2017, 1:29 a.m.
  • Length: 17:50

All games in this series

Show
View Real Time Build Order
Export as new Build Order

iAsonu Zerg - Winner!

Build Orders: Hatch First, Muta Ling Bane 

Get SALT Encoding   

  12  0:00  Drone  
  13  0:12  Overlord  
  13  0:17  Drone  
  14  0:31  Drone x2  
  14  0:34  Drone  
  17  0:53  Hatchery  
  17  0:54  Drone  
  17  0:57  Drone  
  18  1:08  Extractor  
  17  1:11  Spawning Pool  
  17  1:15  Drone  
  17  1:18  Drone  
  18  1:28  Drone  
  19  1:43  Overlord  
  19  1:51  Drone  
  20  1:57  Queen  
  20  2:01  Zergling x2  
  23  2:04  Queen  
  23  2:05  Zergling x2  
  26  2:11  Metabolic Boost  
  26  2:15  Drone  
  26  2:18  Drone  
  28  2:26  Zergling x2  
  28  2:28  Zergling x2  
  30  2:34  Hatchery  
  29  2:38  Drone  
  29  2:41  Overlord  
  30  2:46  Drone  
  30  2:50  Drone  
  32  2:59  Drone  
  32  3:00  Drone  
  34  3:05  Drone  
  34  3:10  Queen  
  34  3:11  Overlord  
  37  3:13  Drone  
  37  3:15  Drone  
  37  3:17  Drone  
  37  3:18  Drone  
  41  3:22  Drone  
  41  3:26  Overlord  
  42  3:32  Drone  
  42  3:33  Drone  
  44  3:38  Lair  
  43  3:41  Drone  
  43  3:45  Drone  
  43  3:47  Queen  
  47  3:49  Queen  
  47  3:51  Drone  
  47  3:53  Drone  
  51  3:57  Drone  
  51  3:58  Drone x2  
  51  3:59  Drone  
  55  4:03  Drone  
  55  4:07  Overlord  
  56  4:13  Drone  
  56  4:15  Drone  
  56  4:16  Drone  
  59  4:17  Overlord  
  59  4:20  Drone  
  59  4:24  Roach Warren  
  59  4:25  Queen  
  59  4:27  Queen  
  59  4:29  Drone  
  64  4:34  Zergling x4  
  64  4:35  Zergling x2  
  64  4:37  Overseer  
  64  4:38  Drone  
  68  4:39  Drone  
  68  4:40  Overlord  
  68  4:42  Drone  
  68  4:45  Drone  
  71  4:47  Overlord  
  71  4:49  Drone  
  71  4:50  Extractor  
  71  4:51  Queen  
  71  4:52  Evolution Chamber, Extractor  
  71  4:58  Drone  
  72  5:01  Drone  
  72  5:02  Drone  
  72  5:03  Drone x2  
  72  5:05  Overlord  
  76  5:11  Drone x4  
  79  5:15  Spire, Extractor  
  79  5:21  Roach  
  79  5:24  Roach  
  82  5:28  Roach  
  81  5:36  Extractor  
  81  5:37  Overlord  
  81  5:38  Extractor  
  81  5:40  Drone  
  80  5:48  Hatchery  
  80  5:49  Drone  
  79  5:56  Zerg Melee Weapons Level 1  
  76  5:57  Drone x6  
  82  6:05  Drone x2  
  82  6:08  Overlord  
  82  6:11  Drone  
  82  6:12  Drone  
  82  6:15  Drone, Overlord x2  
  82  6:16  Overseer  
  82  6:18  Drone  
  82  6:19  Drone  
  82  6:21  Drone x2  
  82  6:23  Drone x2  
  87  6:31  Mutalisk x3  
  93  6:44  Overlord  
  93  6:47  Mutalisk x2  
  93  6:50  Zergling x6  
  93  6:53  Drone  
  98  6:56  Drone  
  98  7:00  Overlord  
  98  7:04  Drone x2  
  98  7:07  Hatchery  
  98  7:09  Baneling Nest  
  98  7:14  Zergling x12  
  103  7:16  Mutalisk x2  
  103  7:21  Drone  
  108  7:24  Drone  
  108  7:27  Overlord  
  108  7:28  Mutalisk  
  108  7:29  Mutalisk x2  
  115  7:32  Zergling x8  
  115  7:36  Overlord  
  119  7:38  Queen  
  121  7:45  Roach x5  
  121  7:50  Drone x5  
  136  7:53  Spore Crawler  
  136  7:55  Roach x2  
  136  7:58  Centrifical Hooks  
  139  8:02  Zerg Melee Weapons Level 2  
  139  8:07  Infestation Pit  
  139  8:08  Ravager  
  139  8:10  Zergling x10  
  144  8:25  Ravager  
  144  8:26  Ravager x2  
  147  8:27  Zergling x2  
  147  8:28  Zergling x18  
  157  8:39  Ravager x3  
  157  8:40  Overlord  
  160  8:53  Ravager  
  160  8:54  Ravager x2  
  162  8:58  Zergling x22  
  162  8:59  Zergling x4  
  165  9:12  Mutalisk x3  
  165  9:15  Zergling x26  
  165  9:16  Zergling x4  
  177  9:28  Mutalisk  
  177  9:29  Zergling x2  
  177  9:30  Zergling x12  
  170  9:45  Overlord x2  
  166  9:51  Hive  
  166  9:53  Overlord  
  166  9:56  Zergling x2  
  166  9:57  Zergling x2  
  159  10:09  Mutalisk  
  159  10:10  Mutalisk x5  
  159  10:14  Zergling x32  
  164  10:25  Baneling x8  
  164  10:31  Zergling x18  
  164  10:32  Zergling x14  
  180  10:38  Zergling x2  
  180  10:39  Zergling x6  
  184  10:44  Zergling x2  
  184  10:45  Zergling x4  
  187  10:55  Hatchery  
  161  11:09  Zergling x24  
  164  11:17  Zergling x18  
  151  11:31  Zergling x2  
  151  11:32  Zergling x18  
  155  11:34  Adrenal Glands  
  155  11:40  Zergling x16  
  155  11:42  Baneling x6  
  141  11:59  Zergling x2  
  141  12:00  Zergling x22  
  146  12:03  Overseer  
  146  12:12  Zergling x2  
  146  12:13  Zergling x16  
  154  12:16  Pneumatized Carapace  
  154  12:19  Zergling x2  
  154  12:20  Roach x3  
  154  12:32  Overseer  
  154  12:36  Roach  
  159  12:37  Roach x3, Zergling x14  
  166  12:48  Drone x2  
  166  12:49  Drone, Spine Crawler  
  166  12:51  Drone x3  
  170  12:53  Zergling x18  
  170  12:56  Ravager x3  
  182  12:59  Zerg Melee Weapons Level 3, Ultralisk Cavern  
  180  13:07  Baneling  
  180  13:08  Baneling x11  
  180  13:09  Ravager x4  
  184  13:14  Zergling x2  
  184  13:15  Zergling x16  
  193  13:32  Zergling x6  
  194  13:45  Overlord  
  194  13:48  Chitinous Plating  
  194  13:49  Spire  
  182  14:05  Zergling x2  
  182  14:06  Zergling x36  
  157  15:00  Ultralisk  
  157  15:01  Ultralisk x7  
  195  15:08  Zergling x4  
  195  15:09  Zergling x6  
  198  15:18  Greater Spire  
  194  15:22  Extractor  
  194  15:23  Extractor  
  192  15:29  Baneling x5  
  192  15:38  Zergling x2  
  192  15:39  Zergling x16  
  187  15:54  Zergling x2  
  187  15:55  Zergling x26  
  173  16:25  Ultralisk, Zergling x28  
  134  16:26  Zergling x16  
  134  16:31  Zergling x4  
  134  16:32  Zergling x46  
  156  16:33  Zergling x2  
  132  16:57  Zergling x18  
  132  16:58  Zergling x12  
  134  17:08  Overseer  
  124  17:19  Zergling x10  
  133  17:38  Hatchery  
Show
View Real Time Build Order
Export as new Build Order

Neeb Protoss 

Build Orders: 1 Gate Expand, Zealot Archon, Dark Templar Rush 

Get SALT Encoding   

  12  0:00  Probe (Chrono Boost)  
  13  0:11  Probe (Chrono Boost)  
  14  0:19  Pylon  
  14  0:22  Probe (Chrono Boost)  
  15  0:37  Probe (Chrono Boost)  
  15  0:40  Gateway  
  16  0:48  Probe (Chrono Boost)  
  17  0:58  Probe (Chrono Boost)  
  17  0:59  Assimilator  
  18  1:09  Probe (Chrono Boost)  
  19  1:20  Nexus  
  19  1:23  Probe (Chrono Boost)  
  20  1:33  Cybernetics Core  
  20  1:36  Probe (Chrono Boost)  
  21  1:40  Assimilator  
  21  1:46  Probe (Chrono Boost)  
  22  1:50  Pylon  
  22  1:57  Probe (Chrono Boost)  
  23  2:05  Adept  
  24  2:09  Warp Gate  
  24  2:10  Probe (Chrono Boost)  
  26  2:22  Probe (Chrono Boost)  
  27  2:23  Pylon  
  27  2:33  Mothership Core (Chrono Boost)  
  27  2:34  Probe (Chrono Boost)  
  30  2:45  Twilight Council, Probe (Chrono Boost)  
  31  2:51  Probe (Chrono Boost)  
  31  2:55  Probe (Chrono Boost)  
  33  3:02  Probe (Chrono Boost)  
  33  3:05  Robotics Facility  
  34  3:06  Probe (Chrono Boost)  
  36  3:12  Probe (Chrono Boost)  
  36  3:15  Gateway  
  36  3:16  Probe (Chrono Boost)  
  37  3:23  Probe (Chrono Boost)  
  39  3:27  Probe (Chrono Boost)  
  39  3:32  Dark Shrine  
  39  3:33  Probe (Chrono Boost)  
  40  3:37  Gateway x2  
  40  3:38  Probe (Chrono Boost)  
  41  3:44  Probe (Chrono Boost)  
  41  3:46  Gateway  
  42  3:48  Warp Prism  
  42  3:50  Probe (Chrono Boost)  
  42  3:55  Probe (Chrono Boost)  
  46  3:59  Pylon  
  46  4:02  Assimilator  
  46  4:06  Assimilator  
  46  4:14  Pylon  
  46  4:17  Probe (Chrono Boost)  
  46  4:19  Probe (Chrono Boost)  
  48  4:28  Probe (Chrono Boost), Pylon  
  48  4:31  Probe (Chrono Boost)  
  51  4:38  Probe (Chrono Boost)  
  51  4:43  Probe (Chrono Boost)  
  52  4:47  Dark Templar x4  
  52  4:50  Nexus  
  52  4:51  Probe (Chrono Boost)  
  61  4:54  Pylon  
  61  4:56  Probe (Chrono Boost)  
  60  5:01  Probe (Chrono Boost)  
  62  5:08  Probe (Chrono Boost)  
  62  5:11  Observer  
  62  5:12  Probe (Chrono Boost)  
  64  5:19  Dark Templar  
  64  5:20  Dark Templar, Probe (Chrono Boost)  
  69  5:25  Archon x2  
  69  5:26  Probe (Chrono Boost), Adept  
  69  5:27  Adept  
  74  5:30  Forge  
  74  5:33  Probe (Chrono Boost)  
  75  5:37  Probe (Chrono Boost)  
  75  5:38  Pylon  
  75  5:42  Pylon  
  76  5:45  Probe (Chrono Boost)  
  76  5:48  Probe (Chrono Boost)  
  78  5:52  Immortal  
  83  5:57  Sentry  
  83  5:58  Probe (Chrono Boost)  
  83  5:59  Probe (Chrono Boost), Pylon  
  86  6:08  Protoss Ground Weapons Level 1  
  86  6:10  Probe (Chrono Boost)  
  87  6:11  Probe (Chrono Boost)  
  87  6:14  Probe (Chrono Boost)  
  89  6:20  Assimilator x2  
  89  6:22  Probe (Chrono Boost), Gateway  
  89  6:23  Gateway  
  89  6:24  Probe (Chrono Boost)  
  89  6:25  Sentry  
  93  6:26  Immortal  
  88  6:36  Gateway  
  88  6:37  Gateway  
  87  6:40  Stalker x3  
  87  6:43  Probe (Chrono Boost)  
  87  6:44  Probe (Chrono Boost)  
  87  6:45  Probe (Chrono Boost)  
  97  6:56  Probe (Chrono Boost), Blink  
  95  7:04  Templar Archives, Pylon  
  98  7:09  Stalker x3  
  101  7:15  Pylon  
  101  7:18  Pylon  
  101  7:19  Photon Cannon  
  101  7:22  Photon Cannon  
  101  7:34  Stalker  
  101  7:36  Photon Cannon  
  101  7:37  Stalker x6  
  109  7:39  Observer  
  116  7:46  Photon Cannon  
  116  7:47  Pylon  
  116  7:56  Immortal, Protoss Ground Weapons Level 2  
  116  7:57  Pylon x2  
  116  8:00  Stalker x2  
  124  8:12  High Templar x2  
  128  8:16  Archon  
  127  8:22  Probe x2 (Chrono Boost)  
  129  8:28  Stalker x4  
  129  8:32  Immortal  
  129  8:34  Nexus  
  137  8:35  Zealot  
  137  8:39  Pylon  
  143  8:44  Pylon  
  142  8:53  Stalker x7  
  150  9:16  Nexus  
  144  9:18  Stalker x6  
  154  9:24  Adept  
  154  9:25  Stalker  
  153  9:42  Pylon  
  153  9:44  Probe (Chrono Boost), High Templar x2  
  153  9:45  Probe (Chrono Boost)  
  156  9:51  Archon  
  157  9:54  Probe (Chrono Boost)  
  157  10:02  Probe (Chrono Boost)  
  157  10:03  Adept  
  157  10:04  Adept  
  157  10:05  Protoss Ground Weapons Level 3  
  157  10:06  Zealot x2  
  162  10:19  Pylon  
  162  10:20  Pylon  
  160  10:25  Gateway, Pylon  
  160  10:26  Pylon  
  160  10:27  Gateway  
  160  10:37  Pylon  
  160  10:40  Pylon  
  160  10:42  Probe x4 (Chrono Boost)  
  163  10:52  Probe (Chrono Boost)  
  163  10:54  Probe x2 (Chrono Boost)  
  163  10:55  Probe (Chrono Boost)  
  163  10:56  Charge  
  160  11:03  Probe (Chrono Boost)  
  159  11:06  Probe x2 (Chrono Boost)  
  159  11:07  Probe (Chrono Boost)  
  159  11:08  Zealot x8  
  145  11:20  Cybernetics Core  
  145  11:22  Probe x2 (Chrono Boost)  
  145  11:24  Probe (Chrono Boost)  
  145  11:26  Probe (Chrono Boost)  
  145  11:27  Pylon  
  145  11:30  Immortal  
  141  11:34  Probe x2 (Chrono Boost)  
  141  11:35  Probe (Chrono Boost)  
  141  11:38  Probe (Chrono Boost)  
  149  11:45  Probe (Chrono Boost)  
  149  11:46  Dark Templar, Probe (Chrono Boost)  
  149  11:47  Dark Templar x3, Probe (Chrono Boost)  
  146  12:03  Probe (Chrono Boost)  
  146  12:04  Assimilator, Probe x3 (Chrono Boost)  
  146  12:06  Assimilator, Pylon  
  146  12:07  Stalker x2  
  154  12:16  Dark Templar x2  
  154  12:21  Adept x3  
  164  12:26  Archon  
  156  12:30  Probe (Chrono Boost)  
  156  12:31  Probe (Chrono Boost)  
  156  12:32  Probe x2 (Chrono Boost)  
  152  12:38  High Templar  
  152  12:39  High Templar x3  
  152  12:42  Protoss Shields Level 1  
  152  12:43  Probe x2 (Chrono Boost)  
  152  12:44  Probe (Chrono Boost)  
  162  12:45  Probe (Chrono Boost), Archon x2  
  162  12:52  Sentry  
  162  12:53  High Templar x4  
  172  13:05  Probe x2 (Chrono Boost)  
  167  13:07  Zealot  
  167  13:10  Probe (Chrono Boost)  
  167  13:11  Probe (Chrono Boost)  
  167  13:12  Photon Cannon, Archon  
  171  13:13  Archon  
  171  13:14  Sentry  
  171  13:17  Photon Cannon  
  173  13:21  Stalker x2  
  173  13:26  Archon  
  177  13:27  Observer  
  178  13:35  Robotics Facility  
  178  13:36  Probe x2 (Chrono Boost)  
  178  13:37  Probe (Chrono Boost)  
  178  13:40  Probe (Chrono Boost)  
  168  13:44  Immortal  
  170  13:48  Probe x2 (Chrono Boost)  
  170  13:53  Probe (Chrono Boost)  
  175  13:59  Psionic Storm  
  173  14:06  Probe x2 (Chrono Boost)  
  173  14:07  High Templar  
  175  14:23  High Templar x4  
  183  14:33  Photon Cannon  
  183  14:34  High Templar  
  183  14:37  Immortal  
  183  14:56  Immortal  
  173  15:02  Stalker x5  
  181  15:13  High Templar, Pylon x2  
  181  15:14  High Templar x2  
  187  15:15  High Templar  
  187  15:19  Archon x2  
  188  15:38  Stalker x4  
  186  15:53  Stalker  
  186  15:54  Stalker x3  
  194  16:11  Zealot  
  194  16:12  Zealot x2  
  130  16:28  Archon x2  
  130  16:32  Zealot x6  
  124  16:45  High Templar x2  
  124  16:46  High Templar x2  
  84  17:01  Archon  
  84  17:02  Archon  
  84  17:03  High Templar x4  
  84  17:04  Zealot  
  94  17:13  Archon x2  
  72  17:23  Zealot x2, High Templar x2  
  80  17:31  Archon  
  80  17:39  Zealot x3  
  85  17:47  Dark Templar  
Tags
 
Add a new tag
Caveats
  • Supply blocks, unpowered buildings, or Contaminate may cause inaccurate times.
  • Supply counts are checked every 10 seconds.